 Dungeon Crawl Stone Soup version 0.31.0-4-g52a2dc7128 (webtiles) character file.

Game seed: 10024283609875305886

7098 Arctor the Skirmisher (level 11, 0/67 HPs)
             Began as a Kobold Hexslinger on Jan 21, 2024.
             Was a Believer of Makhleb.
             Slain by a skeletal warrior
             ... wielding a +0 short sword
              (11 damage)
             ... on level 11 of the Dungeon.
             The game lasted 00:18:39 (9222 turns).

Arctor the Skirmisher (Kobold Hexslinger)           Turns: 9222, Time: 00:18:39

Health: 0/67       AC:  8    Str:  5    XL:     11   Next: 30%
Magic:  21/21      EV: 21    Int: 15    God:    Makhleb [**....]
Gold:   248        SH:  0    Dex: 22    Spells: 21/23 levels left

rFire   . . .        s - +0 orcbow
rCold   + . .        (shield currently unavailable)
rNeg    . . .        c - +0 robe
rPois   +            w - +0 helmet
rElec   .            l - +2 cloak
rCorr   .            (no gloves)
SInv    .            k - +1 pair of boots
Will    .....        o - amulet of regeneration
Stlth   ++++++       j - ring of poison resistance
HPRegen 1.11/turn    n - ring of protection from cold
MPRegen 0.17/turn

%: no passive effects
@: mighty, weak-willed, jinxed, hasted, very quick
A: small, no large weapons, nightstalker 3
a: Renounce Religion, Minor Destruction


You were on level 11 of the Dungeon.
You worshipped Makhleb.
Makhleb was pleased with you.
You visited 2 branches of the dungeon, and saw 12 of its levels.

You collected 248 gold pieces.

Inventory:

Hand Weapons
 a - a +2 sling
 s - a +0 orcbow (weapon)
 B - the +3 flail "Giant's Curse" {freeze, rCorr MP+9}
   (You found it on level 7 of the Dungeon)

   MP+9:      It affects your magic capacity (+9).
   rCorr:     It protects you from acid and corrosion.
Armour
 c - a +0 robe (worn)
 i - a +2 cloak
 k - a +1 pair of boots (worn)
 l - a +2 cloak (worn)
 w - a +0 helmet (worn)
Jewellery
 j - a ring of poison resistance (left hand)
 n - a ring of protection from cold (right hand)
 o - an amulet of regeneration (around neck)
 r - a ring of protection from fire
 x - an amulet of guardian spirit
Wands
 q - a wand of polymorph (9)
 v - a wand of digging (4)
Scrolls
 b - 2 scrolls of poison
 g - 2 scrolls of teleportation
 p - 2 scrolls of immolation
 y - 3 scrolls of fog
Potions
 d - a potion of curing
 e - 2 potions of berserk rage
 f - 3 potions of attraction
 h - 2 potions of degeneration
 u - a potion of might
 z - 3 potions of enlightenment
 A - a potion of haste


   Skills:
 + Level 7.5 Fighting
 + Level 9.5 Ranged Weapons
 + Level 8.6 Dodging
 + Level 9.2 Stealth
 + Level 6.8 Spellcasting
 + Level 7.3 Hexes
 - Level 2.3 Fire Magic


You had 21 spell levels left.
You knew the following spells:

 Your Spells              Type           Power      Damage    Failure   Level
a - Jinxbite              Hex            54%        N/A       1%          2

Your spell library contained the following spells:

 Spells                   Type           Power      Damage    Failure   Level
 Sigil of Binding         Hex            27%        N/A       1%          3
 Ensorcelled Hibernation  Hex/Ice        32%        N/A       4%          2
 Inner Flame              Hex/Fire       19%        N/A       5%          3
 Cause Fear               Hex            13%        N/A       7%          4
 Apportation              Tloc           10%        N/A       14%         1
 Necrotise                Necr           20%        1d5       14%         1
 Sting                    Conj/Alch      20%        1d4       14%         1
 Summon Small Mammal      Summ           20%        N/A       14%         1
 Mercury Vapours          Alch/Air       10%        N/A       21%         2
 Static Discharge         Conj/Air       10%        3-4/arc   21%         2
 Dimensional Bullseye     Hex/Tloc       8%         N/A       30%         4
 Mephitic Cloud           Conj/Alch/Air  5%         N/A       38%         3
 Passwall                 Erth           5%         N/A       38%         3
 Swiftness                Air            5%         N/A       38%         3
 Airstrike                Air            2%         2d(1-17)  80%         4
 Summon Lightning Spire   Summ/Air       5%         N/A       80%         4
 Freezing Cloud           Conj/Ice/Air   2%         6-21      98%         5


Dungeon Overview and Level Annotations

Branches:
Dungeon (11/15)            Temple (1/1) D:4
   Lair: D:8-11         Orc: D:9-12

Altars:
Cheibriados
Dithmenos
Elyvilon
Fedhas
Gozag
Hepliaklqana
Makhleb
Nemelex Xobeh
Okawaru
Qazlal
Ru
Sif Muna
Trog
Uskayaw
Wu Jian
Xom
Zin
The Shining One

Shops:
D:4 [   D:7 *

Annotations:
D:7 Maurice
D:9 Grum


Innate Abilities, Weirdness & Mutations

You are small and have problems with some larger weapons.
You are completely attuned to the shadows.


Message History

* * * LOW HITPOINT WARNING * * *
Aiming: Minor Destruction (22% risk of failure)
Press: ? - help, Shift-Dir - straight line, f/p - skeletal warrior
Aim: a skeletal warrior, wielding a +0 short sword (severely damaged, chance to call a sprite on attack: 4%)
The skeletal warrior is unaffected.
You feel better.
The skeletal warrior hits you with a +0 short sword!
* * * LOW HITPOINT WARNING * * *
You feel much better.
The skeletal warrior hits you but does no damage.
You shoot an arrow. The arrow hits the skeletal warrior!
The skeletal warrior is severely damaged.
You shoot an arrow.
The arrow hits the skeletal warrior but does no damage.
The skeletal warrior is severely damaged.
The skeletal warrior hits you but does no damage.
You shoot an arrow.
The arrow completely misses the skeletal warrior.
The arrow hits the skeletal warrior.
The skeletal warrior is moderately damaged.
The skeletal warrior hits you with a +0 short sword!
* * * LOW HITPOINT WARNING * * *
You shoot an arrow.
The arrow barely misses the skeletal warrior.
The arrow hits the skeletal warrior!
The skeletal warrior is heavily damaged.
The skeletal warrior hits you but does no damage.
You shoot an arrow.
The arrow hits the skeletal warrior but does no damage.
The skeletal warrior is severely damaged.
You shoot an arrow.
The arrow closely misses the skeletal warrior. x2
The arrow hits the skeletal warrior but does no damage.
The skeletal warrior is lightly damaged.
You feel less wooden.
Your +2 cloak unmelds from your body.
Your +0 helmet unmelds from your body.
Your +1 pair of boots unmelds from your body.
Your +0 robe unmelds from your body.
The skeletal warrior hits you with a +0 short sword!
You die...

#...#.....................#
###.##########.############
#................
####...........#.
#.#######.#.# #.# #.#.# #.#
#.# #.# #.# #†# #@#
########.# #z# #........#
#z#.._.#
##.#############z#.8... #.#
##.........#...## #.#
#................ #.#
#..#...#.....z... #.#
#..#.#.#.###..... #.#
#..#.#...........


You could see 3 skeletal warriors.

Vanquished Creatures
  A gargoyle (D:10)
  A kobold demonologist (D:10)
  2 trolls (D:11)
  2 hornets
  Prince Ribbit (D:7)
  2 wraiths
  8 yaks
  3 vampire mosquitoes (D:11)
  2 water moccasins
  3 sky beasts
  A black bear (D:8)
  An ogre (D:4)
  A centaur (D:7)
  2 wolves (D:10)
  A kobold brigand (D:10)
  4 bullfrogs
  6 scorpions
  14 wights
  6 killer bees
  5 bombardier beetles
  Crazy Yiuf (D:2)
  5 orc priests
  A gnoll bouda (D:8)
  2 hounds
  2 jellies
  A sleepcap (D:4)
  4 iguanas
  9 orc wizards
  13 gnolls
  5 adders
  3 white imps
  2 ribbon worms
  3 dart slugs
  26 orcs
  3 endoplasms
  3 giant cockroaches
  9 goblins
  6 hobgoblins
  2 jackals (D:2)
  2 quokkas
  5 ball pythons
  8 bats
  3 frilled lizards
  6 kobolds
  8 rats
198 creatures vanquished.

Vanquished Creatures (others)
  An orc wizard (D:4)
  An adder (D:3)
  An orc (D:3)
  An endoplasm (D:3)
  A goblin (D:3)
  A hobgoblin (D:3)
  A ball python (D:3)
7 creatures vanquished.

Grand Total: 205 creatures vanquished

Notes
Turn   | Place    | Note
-------+----------+-------------------------------------------
     0 | D:1      | Arctor the Kobold Hexslinger began the quest for the Orb.
     0 | D:1      | Reached XP level 1. HP: 12/12 MP: 2/2
   368 | D:1      | Reached XP level 2. HP: 16/16 MP: 3/3
   461 | D:1      | Learned a level 2 spell: Jinxbite
   827 | D:2      | Reached XP level 3. HP: 20/20 MP: 5/5
  1095 | D:2      | Found a faded altar of an unknown god.
  1181 | D:2      | Reached XP level 4. HP: 24/26 MP: 3/6
  1692 | D:1      | Reached XP level 5. HP: 22/30 MP: 5/8
  2122 | D:2      | Found a runed translucent door.
  2125 | D:2      | Noticed Crazy Yiuf
  2133 | D:2      | Killed Crazy Yiuf
  2453 | D:3      | Reached XP level 6. HP: 36/36 MP: 9/9
  2470 | D:3      | Found a shimmering altar of Xom.
  2576 | D:3      | Reached skill level 1 in Stealth
  3322 | D:4      | Identified the +0 rapier of Crystal {freeze, *Slow rN+
                  | Dex+5}
  3551 | D:4      | Found Hyinwuikh's Antique Armour Shoppe.
  3583 | D:4      | Noticed an ogre
  3590 | D:4      | Killed an ogre
  3591 | D:4      | Reached XP level 7. HP: 11/41 MP: 8/11
  3863 | D:4      | Found a staircase to the Ecumenical Temple.
  3955 | Temple   | Found a transporter.
  3955 | Temple   | Found a transporter.
  3955 | Temple   | Found a transporter.
  3955 | Temple   | Found a transporter.
  3955 | Temple   | Entered the Ecumenical Temple
  3982 | Temple   | Became a worshipper of Makhleb the Destroyer
  4429 | D:5      | Entered Level 5 of the Dungeon
  4518 | D:5      | Reached skill level 5 in Ranged Weapons
  4685 | D:5      | Reached XP level 8. HP: 48/48 MP: 13/13
  5077 | D:5      | Reached skill level 5 in Dodging
  6068 | D:6      | Reached skill level 5 in Hexes
  6093 | D:6      | Reached * piety under Makhleb
  6094 | D:6      | Reached skill level 5 in Stealth
  6094 | D:6      | Reached XP level 9. HP: 52/52 MP: 12/15
  6520 | D:7      | Noticed Maurice
  6523 | D:7      | Maurice stole a +6 ring of intelligence
  6525 | D:7      | Maurice stole 222 gold
  6560 | D:7      | Noticed Prince Ribbit
  6570 | D:7      | Killed Prince Ribbit
  6575 | D:7      | Reached skill level 5 in Fighting
  6633 | D:7      | Found Teull's General Store.
  6938 | D:7      | Identified the +3 flail "Giant's Curse" {freeze, rCorr
                  | MP+9}
  7183 | D:7      | Reached skill level 5 in Spellcasting
  7506 | D:8      | Reached XP level 10. HP: 56/60 MP: 17/17
  7588 | D:8      | Noticed a gargoyle
  7707 | D:8      | Reached ** piety under Makhleb
  8193 | D:9      | Noticed Grum
  8202 | D:10     | Entered Level 10 of the Dungeon
  8584 | D:10     | Noticed a gargoyle
  8592 | D:10     | Killed a gargoyle
  8593 | D:10     | Reached XP level 11. HP: 55/67 MP: 18/20
  8697 | D:10     | Noticed a two-headed ogre
  8697 | D:10     | Noticed a two-headed ogre
  8772 | D:11     | Found a hide-covered altar of Uskayaw.
  8811 | D:11     | Found a blossoming altar of Fedhas.
  9138 | D:11     | Found a glowing golden altar of the Shining One.
  9140 | D:11     | Noticed a skeletal warrior
  9141 | D:11     | Noticed a skeletal warrior
  9146 | D:11     | Noticed a skeletal warrior
  9222 | D:11     | Slain by a skeletal warrior

Illustrated notes

Levels and vault maps discovered:
D:1:      lemuel_arrival_rhombus, layout_basic
D:2:      layout_loops_corners, shapermc_ecumenical_altar_ellora,
          uniq_crazy_yiuf_cottage
D:3:      layout_loops_ring, xom_confusion_cloud, minmay_misc_feat_nine_boxes,
          ebering_dispersal_statue_hall
D:4:      layout_basic, minmay_temple_entry_ruins, serial_shops, shop,
          hangedman_decor_slide_cut, hangedman_decor_peaks_small
D:5:      minmay_diamond_boxcup, layout_gridville
D:6:      minmay_spotlight, layout_basic, dk_noncrumbling_2, minmay_crossroads
D:7:      layout_basic, serial_shops, shop, glass_columns_a,
          nicolae_eternal_life, kennysheep_generic_room_15, uniq_maurice,
          uniq_prince_ribbit1
D:8:      layout_rooms
D:9:      layout_loops_ring, nicolae_overflow_macrodata_refinement,
          erik_lair_island, orc_0_dummy, nzn_sisyphean_effort, uniq_grum,
          uniq_erica, uniq_maggie
D:10:     kennysheep_spiral_hall, layout_basic, serial_bayou_pond_b
D:11:     layout_basic, hangedman_feature_mirror, fedhas_altar_3
Temple:   hellmonk_temple_divided_pantheon

Skill      XL: |  1  2  3  4  5  6  7  8  9 10 11 |
---------------+----------------------------------+-----
Ranged Weapons | 3 4 5 6 7 8 9 |  9.5
Dodging        | 3 4 5 6 8 |  8.6
Fire Magic     | 2 |  2.3
Fighting       | 2 3 4 5 7 |  7.5
Spellcasting   | 2 3 4 5 6 |  6.8
Stealth        | 2 3 5 6 8 9 |  9.2
Hexes          | 4 5 6 7 |  7.3

Action                     |  1- 3 |  4- 6 |  7- 9 | 10-12 || total
---------------------------+-------+-------+-------+-------++-------
  Melee: Sling             |       |     2 |     6 |       ||     8
   Fire: Sling             |    73 |   184 |   324 |       ||   581
         Orcbow            |       |       |   122 |   354 ||   476
   Cast: Jinxbite          |     1 |     6 |    24 |    20 ||    51
 Invoke: Minor Destruction |       |       |       |     1 ||     1
    Use: Scroll            |       |     4 |     9 |     3 ||    16
         Potion            |       |     1 |       |     8 ||     9
 Armour: Robe              |    14 |    54 |   191 |   139 ||   398
         Skin              |       |       |       |    49 ||    49
  Dodge: Dodged            |    22 |   113 |   286 |   376 ||   797
